 Dungeon Sprint DCSS version 0.30-a0-250-g41c1d76940 (webtiles) character file.

Game seed: 9725133199504753012

9720 rocky1 the Nimble (level 11, -2/91 HPs)
             Began as a Djinni Fire Elementalist on Oct 13, 2022.
             Was an Initiate of Gozag.
             Slain by an eight-headed hydra (15 damage)
             ... in the Dungeon (Sprint III: "The Ten Rune Challenge").
             The game lasted 00:20:28 (3797 turns).

rocky1 the Nimble (Djinni Fire Elementalist)        Turns: 3797, Time: 00:20:29

Health: -2/91      AC:  5    Str:  7    XL:     11   Next: 79%
Gold:   440        EV: 17    Int: 22    God:    Gozag SH:  0 Dex: 13

rFire   + + .      SeeInvis .    n - +0 long sword (holy)
rCold   x . .      Faith    .    (no shield)
rNeg    . . .      Spirit   .    q - +0 leather armour
rPois   ∞          Reflect  .    (no helmet)
rElec   .          Harm     .    (no cloak)
rCorr   .          Rampage  .    o - +0 pair of gloves
Will    +....      NoTele   +    (boots unavailable)
Stlth   +++.......               (no amulet)
HPRegen 0.35/turn                u - ring of wizardry
MPRegen 0.00/turn                (no ring)

@: gold aura, flying
A: sickness immunity, fire resistance 2, cold vulnerability 1, float, innate
caster, HP casting, extra vitality 1
a: Renounce Religion, Potion Petition, Call Merchant, Bribe Branch


You were in the Dungeon.
You worshipped Gozag.
Gozag was aware of your devotion.
You visited 1 branch You collected 3636 gold pieces.
You spent 1960 gold pieces at shops.
You paid 1236 gold pieces to Gozag.

Inventory:

Hand Weapons
 g - a +0 dagger
 n - a +0 long sword of holy wrath (weapon)
 r - a +2 short sword of speed
Missiles
 w - 5 javelins
Armour
 a - a +0 robe
 d - a +0 scale mail
 o - a +0 pair of gloves (worn)
 q - a +0 leather armour (worn)
 x - a +0 chain mail
Jewellery
 u - a ring of wizardry (left hand)
Scrolls
 j - 2 scrolls of poison {unknown}
 k - a scroll of vulnerability {unknown}
 l - a scroll of torment {unknown}
 m - a scroll of identify {unknown}
 s - a scroll of fog {unknown}
Potions
 b - 4 potions of curing
 c - a potion of haste
 e - a potion of heal wounds
 f - a potion of brilliance
 h - a potion of magic {unknown}
 i - 5 potions of mutation
 v - a potion of cancellation
Miscellaneous
 p - a phial of floods
 t - a condenser vane


   Skills:
 + Level 12.9 Fighting
 + Level 9.4 Long Blades
 + Level 8.7 Armour
 + Level 14.2 Dodging
 - Level 7.6 Stealth
 + Level 10.6 Spellcasting
 + Level 7.7 Evocations


You had 5 spell levels left.
You knew the following spells:

 Your Spells              Type           Power      Damage    Failure   Level
a - Foxfire               Conj/Fire      100%       2x1d9     1%          1
b - Scorch                Fire           100%       2d10      1%          2
c - Kindle Blastsparks    Fire/Tloc/Air  100%       2d18      1%          3
d - Inner Flame           Hex/Fire       55%        N/A       1%          3
e - Flame Wave            Conj/Fire      55%        2d13      1%          4
f - Shock                 Conj/Air       100%       1d9       1%          1
g - Call Imp              Summ           55%        N/A       1%          2
h - Hailstorm             Conj/Ice       55%        3d12      1%          3
i - Portal Projectile     Hex/Tloc       100%       N/A       1%          3
j - Summon Lightning Spi  Summ/Air       55%        N/A       1%          4
Your spell library was empty.

Dungeon Overview and Level Annotations

Branches:
Dungeon (1/1)

Altars:
Cheibriados
Dithmenos
Elyvilon
Fedhas
Gozag
Hepliaklqana
Makhleb
Nemelex Xobeh
Okawaru
Qazlal
Ru
Trog
Uskayaw
Wu Jian
Xom
Yredelemnul
Zin
The Shining One
Jiyva
Lugonu

Shops:
D !!*


Innate Abilities, Weirdness & Mutations

You are immune to sickness and miasma.
You are immune to poison.
Your flesh is very heat resistant. (rF++)
You are vulnerable to cold. (rC-)
You float through the air rather than walking.
You learn spells naturally, not from books.
Your magical power is your life essence.
You have superior vitality. (+4 MHP)


Message History

Confirm with . or Enter, or press ? or * to list all spells.
Flames lash the eight-headed hydra.
The eight-headed hydra is lightly wounded.
The eight-headed hydra's fire resistance burns away.
The eight-headed hydra is engulfed in a cloud of scalding steam.
Unknown command.
Casting: Scorch (safe; 1% risk of failure)
Confirm with . or Enter, or press ? or * to list all spells.
Flames lash the eight-headed hydra.
The eight-headed hydra is burned terribly!
The eight-headed hydra is moderately wounded.
The eight-headed hydra bites you!
The eight-headed hydra barely misses you.
The eight-headed hydra closely misses you.
The eight-headed hydra bites you! x2; The eight-headed hydra bites you.
The eight-headed hydra bites you but does no damage. x2
The four-headed hydra is engulfed in a cloud of scalding steam.
Unknown command.
Casting: Scorch (safe; 1% risk of failure)
Confirm with . or Enter, or press ? or * to list all spells.
Flames lash the four-headed hydra.
The four-headed hydra is moderately wounded.
The four-headed hydra's fire resistance burns away.
The four-headed hydra is engulfed in a cloud of scalding steam.
The eight-headed hydra closely misses you.
The eight-headed hydra bites you! x2
* * * LOW HITPOINT WARNING * * *
The eight-headed hydra completely misses you.
The eight-headed hydra closely misses you.
The eight-headed hydra bites you but does no damage.
The eight-headed hydra barely misses you.
The eight-headed hydra bites you!
* * * LOW HITPOINT WARNING * * *
Unknown command.
The eight-headed hydra attacks as you move away!
The eight-headed hydra bites you!
* * * LOW HITPOINT WARNING * * *
The eight-headed hydra bites you!
You die...
Your body crumbles into a pile of gold.

~♣♣....∩...♣~~~........~~~...##.#
~♣♣.≈≈≈≈'..'.≈≈≈≈≈≈≈≈≈≈≈≈♣♣P.+.#.
~~'.....#.~.♣♣♣♣♣♣♣♣♣♣♣♣♣♣♣PP##.#
≈♣♣♣♣♣♣♣#...♣ ♣♣♣# +# .♣
###)♣♣♣♣♣♣♣♣♣♣♣♣♣♣ ###♣
♣♣♣♣.##..##~~~~~≈.. $$ ...♣
♣...##.##.#~~~~≈... $ ###+
♣♣.##.##.##D§~~≈≈#
♣..#.##.@D#~§.....
♣♣.##.##.8#≈..+###
♣♣.##.#####...# ♣∩....# ...#
####### #### $


You could see an eight-headed hydra (combustible, ally target), a four-headed
hydra (combustible) and a friendly lightning spire (summoned).

Vanquished Creatures
  Josephine (D)
  A centaur warrior (D)
  An orc high priest (D)
  A deep elf pyromancer (D)
  An orc knight (D)
  2 cane toads (D)
  A komodo dragon (D)
  A rime drake (D)
  3 wandering mushrooms (D)
  2 tyrant leeches (D)
  5 blink frogs (D)
  A shadow (D)
  2 redbacks (D)
  A spatial vortex (D)
  An orc warrior (D)
  A swamp drake (D)
  2 centaurs (D)
  An earth elemental (D)
  A scorpion (D)
  A water elemental (D)
  A necrophage (D)
  An electric eel (D)
  A jelly (D)
  An orc priest (D)
  Jessica (D)
  A wizard (D)
  A necromancer (D)
  An orc wizard (D)
  A kobold demonologist (D)
  3 humans (D)
  13 orcs (D)
  An endoplasm (D)
  2 rats (D)
58 creatures vanquished.

Vanquished Creatures (collateral kills)
  Rupert (D)
  Urug (D)
  A lindwurm (D)
  A redback (D)
4 creatures vanquished.

Vanquished Creatures (others)
  49 foxfires (D)
49 creatures vanquished.

Grand Total: 111 creatures vanquished

Notes
Turn   | Place    | Note
-------+----------+-------------------------------------------
     0 | D        | rocky1 the Djinni Fire Elementalist began the quest for the
                  | Orb.
     0 | D        | rocky1 set off with the following spells memorised:
                  | Foxfire, Scorch, Kindle Blastsparks, Inner Flame, Flame
                  | Wave.
     0 | D        | Reached XP level 1. HP: 15/15 MP: 0/0
    33 | D        | Noticed Jessica
    45 | D        | Killed Jessica
    46 | D        | Reached skill level 3 in Dodging
    46 | D        | Reached XP level 2. HP: 8/23 MP: 0/0
    46 | D        | Reached XP level 3. HP: 10/28 MP: 0/0
    46 | D        | Learned a level 1 spell: Shock
   187 | D        | Noticed a scorpion
   192 | D        | Killed a scorpion
   193 | D        | Reached skill level 4 in Dodging
   193 | D        | Reached XP level 4. HP: 30/35 MP: 0/0
   193 | D        | Reached XP level 5. HP: 34/40 MP: 0/0
   193 | D        | Learned a level 2 spell: Call Imp
   226 | D        | Noticed a water elemental
   232 | D        | HP: 2/40 [water elemental (21)]
   234 | D        | Killed a water elemental
   235 | D        | Reached skill level 5 in Dodging
   295 | D        | Reached XP level 6. HP: 40/48 MP: 0/0
   329 | D        | Found a glowing silver altar of Zin.
   329 | D        | Found a glowing golden altar of the Shining One.
   329 | D        | Found a white marble altar of Elyvilon.
   329 | D        | Noticed a deep elf pyromancer
   333 | D        | Killed a deep elf pyromancer
   334 | D        | Reached skill level 8 in Dodging
   334 | D        | Reached XP level 7. HP: 49/57 MP: 0/0
   334 | D        | Learned a level 3 spell: Hailstorm
   362 | D        | Found a hide-covered altar of Uskayaw.
   362 | D        | Found an iron altar of Okawaru.
   362 | D        | Found a bloodstained altar of Trog.
   362 | D        | Found an ornate altar of the Wu Jian Council.
   362 | D        | Noticed a human
   364 | D        | Noticed a human
   366 | D        | Killed a human
   367 | D        | Reached XP level 8. HP: 54/64 MP: 0/0
   371 | D        | Killed a human
   463 | D        | Found a basalt altar of Yredelemnul.
   463 | D        | Found a shadowy altar of Dithmenos.
   463 | D        | Found a sacrificial altar of Ru.
   508 | D        | Noticed a shadow
   515 | D        | Killed a shadow
   516 | D        | Reached skill level 9 in Dodging
   668 | D        | Found a blossoming altar of Fedhas.
   668 | D        | Found a stormy altar of Qazlal.
   668 | D        | Found a snail-covered altar of Cheibriados.
   668 | D        | Found a burning altar of Makhleb.
   668 | D        | Found a shimmering altar of Xom.
   669 | D        | Found a hazy altar of Hepliaklqana.
   669 | D        | Found an opulent altar of Gozag.
   669 | D        | Found a sparkling altar of Nemelex Xobeh.
   669 | D        | Found a corrupted altar of Lugonu.
   669 | D        | Found a viscous altar of Jiyva.
   691 | D        | Reached skill level 1 in Long Blades
   810 | D        | Noticed Josephine
   818 | D        | Killed Josephine
   819 | D        | Reached skill level 10 in Dodging
   819 | D        | Reached XP level 9. HP: 52/72 MP: 0/0
   819 | D        | Learned a level 3 spell: Portal Projectile
   894 | D        | Found Utaosih's Assorted Antiques.
   894 | D        | Noticed an orc high priest
   946 | D        | Noticed an orc knight
   965 | D        | Killed an orc knight
   966 | D        | Reached skill level 5 in Long Blades
   966 | D        | Reached skill level 11 in Dodging
  1043 | D        | Reached skill level 10 in Fighting
  1249 | D        | Killed an orc high priest
  1250 | D        | Reached XP level 10. HP: 75/81 MP: 0/0
  1276 | D        | Became a worshipper of Gozag Ym Sagoz the Greedy
  1352 | D        | Bought a scroll labelled CAEDAL YGAD for 23 gold pieces
  1352 | D        | Bought 2 potions of curing for 138 gold pieces
  1352 | D        | Bought a condenser vane for 920 gold pieces
  1352 | D        | Bought a notched wooden ring for 115 gold pieces
  1411 | D        | HP: 3/81 [earth elemental (19)]
  1668 | D        | Noticed a centaur warrior
  1672 | D        | Reached skill level 1 in Evocations
  1678 | D        | HP: 3/121 [centaur warrior (4)]
  1679 | D        | Killed a centaur warrior
  1680 | D        | Reached skill level 12 in Dodging
  2062 | D        | Noticed a cane toad
  2062 | D        | Noticed a komodo dragon
  2062 | D        | Noticed a cane toad
  2069 | D        | Killed a cane toad
  2069 | D        | Killed a cane toad
  2071 | D        | Killed a komodo dragon
  2338 | D        | Noticed a rime drake
  2342 | D        | Reached skill level 5 in Evocations
  2342 | D        | Reached XP level 11. HP: 59/89 MP: 0/0
  2342 | D        | Learned a level 4 spell: Summon Lightning Spire
  2344 | D        | Reached skill level 13 in Dodging
  2531 | D        | Bought a potion of curing for 54 gold pieces
  2531 | D        | Bought a potion of haste for 180 gold pieces
  2531 | D        | Bought a potion of curing for 54 gold pieces
  2531 | D        | Bought a potion of degeneration for 18 gold pieces
  2531 | D        | Bought a potion of heal wounds for 90 gold pieces
  2557 | D        | Reached skill level 10 in Spellcasting
  2650 | D        | Noticed Rupert
  2664 | D        | Killed Rupert
  3243 | D        | Noticed a lindwurm
  3248 | D        | Killed a lindwurm
  3249 | D        | Reached skill level 14 in Dodging
  3392 | D        | Noticed Urug
  3524 | D        | Bought a potion of curing for 48 gold pieces
  3524 | D        | Bought a potion of brilliance for 64 gold pieces
  3524 | D        | Bought a potion of mutation for 128 gold pieces
  3524 | D        | Bought a potion of cancellation for 128 gold pieces
  3571 | D        | Killed Urug
  3789 | D        | Noticed an eight-headed hydra
  3789 | D        | Noticed a four-headed hydra
  3797 | D        | Slain by an eight-headed hydra

Illustrated notes

Levels and vault maps discovered:
D:        dungeon_sprint_mu [sprint_mu_entry_forest, sprint_mu_temple_rooms,
          sprint_mu_d1_horrors, sprint_mu_d2_genie, sprint_mu_d3_branching,
          sprint_mu_orc_legion, sprint_mu_elf_gauntlet, sprint_mu_hive_nellie,
          sprint_mu_lair_fedhas, sprint_mu_vaults_butterflies,
          sprint_mu_slime_circle, sprint_mu_swamp_cave, sprint_mu_shoals_archi,
          sprint_mu_blade_basic, sprint_mu_crypt_fortress,
          sprint_mu_tomb_spiral, sprint_mu_vestibule_basic,
          sprint_mu_gehenna_hellfire, sprint_mu_dis_giant,
          sprint_mu_tartarus_statrot, sprint_mu_cocytus_islands, sprint_mu_zot1]

Skill      XL: |  1  2  3  4  5  6  7  8  9 10 11 |
---------------+----------------------------------+-----
Fighting       | 2 3 4 6 7 9 10 11 12 | 12.9
Armour         | 2 3 4 6 7 8 |  8.7
Dodging        | 3 4 5 8 10 11 12 14 | 14.2
Stealth        | 2 3 4 6 7 |  7.6
Spellcasting   | 3 4 6 7 8 9 10 | 10.6
Long Blades    | 3 6 7 9 |  9.4
Evocations     | 5 7 |  7.7

Action                   |  1- 3 |  4- 6 |  7- 9 | 10-12 || total
-------------------------+-------+-------+-------+-------++-------
Melee: Unarmed           |     2 |       |       |       ||     2
       Long sword        |       |       |    25 |    31 ||    56
       Punch             |       |       |     1 |       ||     1
 Cast: Foxfire           |    10 |       |    15 |     3 ||    28
       Scorch            |     6 |    14 |    44 |    75 ||   139
       Hailstorm         |       |       |       |     2 ||     2
       Inner Flame       |       |       |       |     1 ||     1
       Flame Wave        |       |       |       |     1 ||     1
       Summon Lightning  |       |       |       |     8 ||     8
       Portal Projectile |       |       |       |     1 ||     1
Invok: Call Merchant     |       |       |       |     2 ||     2
Evoke: Condenser vane    |       |       |       |     1 ||     1
  Use: Potion            |       |     1 |       |     7 ||     8
       Scroll            |       |       |       |     1 ||     1
 Stab: Sleeping          |       |       |       |     1 ||     1
Armor: Robe              |     1 |       |     3 |       ||     4
       Leather armour    |       |       |       |    11 ||    11
Dodge: Dodged            |     5 |     5 |    13 |    50 ||    73

Table legend: (Time is in decaauts)
 A = Elapsed time spent in this place.
 B = Non-inter-level travel time spent in this place.
 C = Inter-level travel time spent in this place.
 D = Time resting spent in this place.
 E = Time spent auto-exploring this place.
 F = Levels seen in this place.
 G = Mean time per level.
                   A        B        C        D        E       F      G
               +--------+--------+--------+--------+--------+-----+--------+
         Total |   3802 |   3748 |     54 |   2750 |      0 |   1 | 3802.0 |
       Dungeon |   3802 |   3748 |     54 |   2750 |      0 |   1 | 3802.0 |
               +--------+--------+--------+--------+--------+-----+--------+

Top non-repeatable levels by time:
       D: 3802 daAuts
